 Dungeon Crawl Stone Soup version 0.27.1 (webtiles) character file.

Game seed: 2568756564365371631

2 Descartes the Sneak (level 1, 0/9 HPs)
             Began as a Felid Wanderer on Aug 25, 2021.
             Slain by a ball python (2 damage)
             ... on level 1 of the Dungeon.
             The game lasted 00:00:23 (53 turns).

Descartes the Sneak (Felid Wanderer)                  Turns: 53, Time: 00:00:23

Health: 0/9        AC:  1    Str:  7    XL:     1   Next: 33%
Magic:  2/2        EV: 13    Int: 15    God:
Gold:   0          SH:  0    Dex: 14    Spells: 0/0 levels left
                                        Lives:  0   Deaths: 0

rFire    . . .     SeeInvis +     - Unarmed
rCold    . . .     Faith    .   (shield unavailable)
rNeg     . . .     Spirit   .   (armour unavailable)
rPois    .         Reflect  .   (helmet unavailable)
rElec    .         Harm     .   (cloak unavailable)
rCorr    .         Rampage  .   (gloves unavailable)
Will     .....                  (boots unavailable)
Stlth    +++.......             (no amulet)
HPRegen  0.03/turn              (no ring)
MPRegen  0.08/turn              (no ring)

@: constricted, quick
A: very small, claws 1, fangs 3, see invisible, speed 1, shaggy fur 1, stealthy
paws, no weapons or thrown items, no armour, multi-lived
a: no special abilities


You were on level 1 of the Dungeon.
You visited 1 branch of the dungeon, and saw 1 of its levels.

Inventory:

Scrolls
 a - a scroll of fear
 b - a scroll of teleportation
 d - a scroll of enchant armour {unknown}
Potions
 c - a potion of curing


   Skills:
 - Level 2.0 Fighting
 * Level 1.6 Dodging
 * Level 4.1 Stealth
 + Level 3.0 Unarmed Combat
 - Level 1.1 Evocations


You couldn't memorise any spells.
You didn't know any spells.
Your spell library was empty.

Dungeon Overview and Level Annotations

Branches:
Dungeon (1/15)

Altars:


Innate Abilities, Weirdness & Mutations

You have sharp claws.
You have razor-sharp teeth.
You have supernaturally acute eyesight. (SInv)
You cover ground quickly. (Speed+)
You are covered in fur. (AC +1)
Your paws help you pounce on unaware monsters.
You are incapable of wielding weapons or throwing items.
You cannot wear armour.
You gain extra lives every three experience levels.


Message History

Welcome, Descartes the Felid Wanderer.
The bosom of this dungeon contains the legendary artefact, the Orb of Zot.
Press ? for a list of commands and other information.
Found a scroll labelled WODWEI SESMER.
Found a staircase leading out of the dungeon.
You begin with the following items: a scroll of fear, a scroll of teleportation, a potion of curing.
d - a scroll labelled WODWEI SESMER You open the gate.
There is an open gate here.
A kobold comes into view. It is wielding a +0 dagger.
A ball python comes into view.
The ball python hisses angrily.
An endoplasm comes into view.
The kobold shouts!
You hear a shout!
You barely miss the kobold. The ball python completely misses you.
The ball python misses you.
You scratch the kobold.
You kill the kobold!
The ball python barely misses you. The ball python misses you.
You scratch the endoplasm.
The endoplasm is almost dead.
The ball python barely misses you. The ball python closely misses you.
A hobgoblin comes into view.
The endoplasm completely misses you.
You scratch the endoplasm.
You kill the endoplasm!
The ball python completely misses you. The ball python closely misses you.
The ball python bites you. The ball python closely misses you.
You closely miss the ball python. The ball python barely misses you.
The ball python grabs you. The ball python constricts you.
You scratch the ball python. Your bite misses the ball python.
The ball python is severely wounded.
The hobgoblin hits you.
* * * LOW HITPOINT WARNING * * *
The ball python bites you.
You die...

....... #......
...... ##....##
#....... #......###
#....gS..# #@# #.#
#.# ###.# #...#
#.###
#.##############
#..............#
########..#######.#


You could see a hobgoblin and a ball python.

Vanquished Creatures
  An endoplasm (D:1)
  A kobold (D:1)
2 creatures vanquished.

Notes
Turn   | Place    | Note
-------+----------+-------------------------------------------
     0 | D:1      | Descartes the Felid Wanderer began the quest for the Orb.
     0 | D:1      | Descartes set off with the following items: a scroll of
                  | fear, a scroll of teleportation, a potion of curing
     0 | D:1      | Reached XP level 1. HP: 9/9 MP: 2/2
    53 | D:1      | Slain by a ball python

Illustrated notes

Levels and vault maps discovered:
D:1:      dpeg_arrival_windows_large_door, layout_basic,
          chequers_serial_rivers_micro_e, nrook_mini_backslash, st_stairs_3

Action                   || total
-------------------------++-------
Melee: Unarmed           ||     6
Dodge: Dodged            ||    11
